 Dungeon Crawl Stone Soup version 0.28-a0-1080-g05a166d0ed (webtiles) character file.

Game seed: 15016693145497940690

262 yoda5477 the Chopper (level 5, -2/41 HPs)
             Began as a Demonspawn Fighter on Dec 9, 2021.
             Slain by Natasha (8 damage)
             ... on level 3 of the Dungeon.
             The game lasted 00:11:18 (3817 turns).

yoda5477 the Chopper (Demonspawn Fighter)           Turns: 3817, Time: 00:11:18

Health: -2/41      AC:  6    Str: 18    XL:     5   Next: 97%
Magic:  5/5        EV:  9    Int: 10    God:
Gold:   213        SH:  5    Dex: 18    Spells: 4/4 levels left

rFire   . . .      SeeInvis .   a - +0 war axe
rCold   . . .      Faith    .   c - +0 buckler
rNeg    . . .      Spirit   .   b - +0 scale mail
rPois   .          Reflect  .   (no helmet)
rElec   .          Harm     .   (no cloak)
rCorr   .          Rampage  .   (no gloves)
Will    .....                   (no boots)
Stlth   +++.......              (no amulet)
HPRegen 0.13/turn               (no ring)
MPRegen 0.18/turn               (no ring)

@: slowed, very slow
A: thin skeletal structure 3, magic regeneration
a: no special abilities


You were on level 3 of the Dungeon.
You visited 1 branch of the dungeon, and saw 5 of its levels.

You collected 213 gold pieces.

Inventory:

Hand Weapons
 a - a +0 war axe (weapon)
 p - a +2 whip of pain
Missiles
 f - 89 stones (quivered)
 i - 7 poisoned darts
 j - 4 datura-tipped darts
 l - 17 bolts
 u - 25 arrows
 w - 30 sling bullets
Armour
 b - a +0 scale mail (worn)
 c - a +0 buckler (worn)
Jewellery
 k - a ring of fire
 s - a +4 ring of evasion
Scrolls
 e - 2 scrolls of identify {unknown}
 h - a scroll of fear {unknown}
 m - a scroll of acquirement {unknown}
 o - a scroll of blinking {unknown}
 q - a scroll of vulnerability {unknown}
 t - a scroll of enchant armour {unknown}
 y - a scroll of immolation {unknown}
 A - a scroll of magic mapping {unknown}
Potions
 d - a potion of might
 g - a potion of curing {unknown}
 n - 2 potions of brilliance {unknown}
 r - 2 potions of degeneration {unknown}
 v - a potion of resistance {unknown}
 x - 2 potions of attraction {unknown}
 z - a potion of lignification {unknown}


   Skills:
 - Level 3.0 Fighting
 * Level 5.4 Axes
 - Level 2.6 Armour
 + Level 3.2 Shields


You had 4 spell levels left.
You didn't know any spells.
Your spell library contained the following spells:

 Spells                   Type           Power      Damage    Failure   Level
 Ensorcelled Hibernation  Hex/Ice        0%         N/A       89%         2
 Dazzling Flash           Conj/Hex       0%         N/A       98%         3
 Tukima's Dance           Hex            0%         N/A       98%         3
 Iskenderun's Mystic Bla  Conj/Tloc      0%         2d3       100%        4
 Starburst                Conj/Fire      0%         6d3       100%        6


Dungeon Overview and Level Annotations

Branches:
Dungeon (5/15)
 Temple: D:4-7

Altars:

Shops:
D:1 *

Annotations:
D:3 2 runed translucent doors, exclusion: ogre, Natasha
D:4 exclusion: water moccasin


Innate Abilities, Weirdness & Mutations

You have an unnaturally thin skeletal structure. (Dex +6, Stealth+++)
You regenerate magic rapidly.


Message History

The shadow imp is heavily wounded.
The shadow imp hits you.
Found a glowing hand axe.
Natasha mumbles some strange words.
Natasha casts a spell.
There is an open door here.
The shadow imp shouts, "Away with thee, thou churlish weeb-spouting pustule!"
You see here a +2 whip of electrocution.
You hit the shadow imp.
You kill the shadow imp!
The shadow imp disappears in a puff of smoke!
The crimson imp picks up a beetle and eats it.
There is an open door here.
Natasha howls an incantation.
You feel troubled. Natasha claws you but does no damage.
Natasha howls an incantation.
Natasha shimmers violently.
Natasha mumbles some strange words.
Natasha's front paws start to glow.
Natasha stares at you and mumbles some strange words.
You feel yourself slow down. Natasha completely misses you.
You block Natasha's attack.
The crimson imp disappears for a moment.
Natasha claws you!
* * * LOW HITPOINT WARNING * * *
The crimson imp blinks!
Natasha completely misses you. You block Natasha's attack.
Natasha claws you but does no damage.
You completely miss Natasha. Natasha claws you.
* * * LOW HITPOINT WARNING * * *
Natasha casts a spell at you. You resist with some effort.
You barely miss Natasha. Natasha barely misses you. You block Natasha's attack.
You hit Natasha.
Natasha is moderately wounded.
Natasha claws you but does no damage. Natasha claws you!
You die...

####### #.#######.# ......#
#.# #.# ..###.# #.# #.# #.#
#.# #.# ##.# #.# #.# #.#
##..# #.# #.# #.#
##.#.########### ## #.#
#.###.## #.###..§...#...#
..# #.# #......#
##h#.###.#...#.#.#.. #.#
#####..#####@.###..###.....#
#.#
#...##..........#)#.#...#)
..#
#............#..##'5....'#
#.#
#..########..#.#...##+##..
#.######.## .... ##.#...#5#
# .........# #..# #.#.###.#
..####...# #..# #.#...#.#
.........# #..# #.).#.)†#
..####...# #..#
#....##'.....'


You could see Natasha.

Vanquished Creatures
  A bullfrog zombie (D:3)
  An orc priest (D:3)
  Natasha (D:3)
  5 gnolls
  4 adders
  An ufetubus (D:4)
  A worm (D:3)
  3 dart slugs
  5 orcs
  5 endoplasms
  A giant cockroach (D:1)
  7 goblins
  6 hobgoblins
  9 jackals
  6 kobolds
  A quokka (D:3)
  4 ball pythons
  4 bats
  3 frilled lizards
  8 rats
76 creatures vanquished.

Notes
Turn   | Place    | Note
-------+----------+-------------------------------------------
     0 | D:1      | yoda5477 the Demonspawn Fighter began the quest for the
                  | Orb.
     0 | D:1      | Reached XP level 1. HP: 18/18 MP: 1/1
    85 | D:1      | Reached skill level 2 in Axes
   209 | D:1      | Found a faded altar of an unknown god.
   236 | D:1      | Gained mutation: You have a somewhat thin skeletal
                  | structure. (Dex +2, Stealth+) [demonic ancestry]
   236 | D:1      | Reached XP level 2. HP: 23/24 MP: 2/2
   369 | D:1      | Found Kanotak's General Store.
   781 | D:1      | Gained mutation: You have a moderately thin skeletal
                  | structure. (Dex +4, Stealth++) [demonic ancestry]
   781 | D:1      | Reached XP level 3. HP: 25/29 MP: 3/3
   873 | D:1      | Reached skill level 3 in Axes
  1902 | D:3      | Gained mutation: You have an unnaturally thin skeletal
                  | structure. (Dex +6, Stealth+++) [demonic ancestry]
  1902 | D:3      | Reached XP level 4. HP: 22/35 MP: 4/4
  2167 | D:4      | Noticed a water moccasin
  2192 | D:5      | Entered Level 5 of the Dungeon
  2583 | D:4      | Noticed a centaur
  2584 | D:4      | Noticed an ogre
  2768 | D:3      | Reached skill level 4 in Axes
  2898 | D:3      | Noticed an ogre
  2948 | D:3      | Found a large runed translucent door.
  2949 | D:3      | Found a large runed translucent door.
  2950 | D:3      | Noticed Natasha
  3025 | D:3      | Gained mutation: You regenerate magic rapidly. [demonic
                  | ancestry]
  3025 | D:3      | Reached XP level 5. HP: 41/41 MP: 5/5
  3228 | D:3      | Reached skill level 5 in Axes
  3349 | D:3      | Killed Natasha
  3780 | D:3      | Noticed Natasha
  3817 | D:3      | Slain by Natasha

Illustrated notes

Levels and vault maps discovered:
D:1:      lightli_arrival_isolated_outpost, layout_basic, serial_shops, shop,
          hellmonk_ecumenical_altar_lost_god, bh_walls_and_bars
D:2:      layout_basic, minmay_misc_feat_diagonals, minmay_misc_feat_tower
D:3:      layout_loops_ring, jmf_multi_god_temple2, minmay_misc_feat_hallway,
          skrybe_limestone_x, minmay_fractal_squares_diagonal_5, uniq_natasha
D:4:      layout_basic, minmay_temple_entry_ruins
D:5:      layout_loops_ring, mainiacjoe_overflow_paths,
          mainiacjoe_overflow_surrounded_room, gammafunk_ghost_icy

Skill      XL: |  1  2  3  4  5 |
---------------+----------------+-----
Axes           | 2 3 4 5 |  5.4
Shields        | 3 |  3.2
Fighting       | |  3.0
Armour         | |  2.6

Action                   |  1- 3 |  4- 6 || total
-------------------------+-------+-------++-------
Melee: War axe           |    99 |   128 ||   227
Throw: Stone             |       |     2 ||     2
 Stab: Sleeping          |     3 |     9 ||    12
Armor: Scale mail        |    33 |    55 ||    88
Dodge: Dodged            |    42 |    60 ||   102
Block: Buckler           |    24 |    28 ||    52

Table legend: (Time is in decaauts)
 A = Elapsed time spent in this place.
 B = Non-inter-level travel time spent in this place.
 C = Inter-level travel time spent in this place.
 D = Time resting spent in this place.
 E = Time spent auto-exploring this place.
 F = Levels seen in this place.
 G = Mean time per level.
                   A        B        C        D        E       F      G
               +--------+--------+--------+--------+--------+-----+--------+
         Total |   3915 |   3861 |     54 |    569 |   2307 |   5 |  783.0 |
       Dungeon |   3915 |   3861 |     54 |    569 |   2307 |   5 |  783.0 |
               +--------+--------+--------+--------+--------+-----+--------+

Top non-repeatable levels by time:
     D:3: 1292 daAuts
     D:1: 1110 daAuts
     D:2: 855 daAuts
     D:4: 653 daAuts
     D:5: 3 daAuts
